 Dungeon Crawl Stone Soup version 0.32-a0-131-g9dbbe29261 (webtiles) character file.

Game seed: 13159783558328136128

42 Curundu the Conjurer (level 3, -2/19 HPs)
             Began as a Deep Elf Conjurer on Feb 8, 2024.
             Killed from afar by Sigmund (10 damage)
             ... with a magic dart
             ... on level 2 of the Dungeon.
             The game lasted 00:05:15 (1055 turns).

Curundu the Conjurer (Deep Elf Conjurer)            Turns: 1055, Time: 00:05:16

Health: -2/19      AC:  2    Str:  4    XL:     3   Next: 33%
Magic:  10/10      EV: 13    Int: 24    God:
Gold:   44         SH:  0    Dex: 13    Spells: 8/9 levels left

rFire   . . .        (no weapon)
rCold   . . .        (no shield)
rNeg    . . .        a - +0 robe
rPois   +            (no helmet)
rElec   .            (no cloak)
rCorr   .            (no gloves)
SInv    .            (no boots)
Will    .....        e - amulet of magic regeneration
Stlth   ++           h - ring of poison resistance
HPRegen 0.23/turn    (no ring)
MPRegen 0.52/turn

%: no passive effects
@: no status effects
A: no striking features
a: no special abilities


You were on level 2 of the Dungeon.
You visited 1 branch of the dungeon, and saw 2 of its levels.

You collected 44 gold pieces.

Inventory:

Armour
 a - a +0 robe (worn)
Jewellery
 e - an amulet of magic regeneration (around neck)
 h - a ring of poison resistance (left hand)
Wands
 i - a wand of roots (3)
Scrolls
 c - a scroll of teleportation {unknown}
 f - a scroll of immolation {unknown}
 j - a scroll of fog {unknown}
Potions
 b - a potion of magic
 d - 2 potions of heal wounds {unknown}
 g - a potion of curing {unknown}


   Skills:
 + Level 3.1 Dodging
 + Level 3.2 Stealth
 + Level 3.6 Spellcasting
 + Level 4.7 Conjurations


You had 8 spell levels left.
You knew the following spells:

 Your Spells              Type           Power      Damage    Failure   Level
a - Magic Dart            Conj           100%       1d8       1%          1

Your spell library contained the following spells:

 Spells                   Type           Power      Damage    Failure   Level
 Searing Ray              Conj           54%        2d6       2%          2
 Blink                    Tloc           8%         N/A       16%         2
 Call Imp                 Summ           8%         N/A       16%         2
 Jinxbite                 Hex            8%         N/A       16%         2
 Fulminant Prism          Conj/Alch      7%         3d7       36%         4
 Iskenderun's Mystic Bla  Conj/Tloc      15%        2d5       36%         4
 Yara's Violent Unravell  Hex/Alch       2%         3d3       96%         5
 Enfeeble                 Hex            2%         N/A       100%        7


Dungeon Overview and Level Annotations

Branches:
Dungeon (2/15)

Altars:

Annotations:
D:2 Sigmund


Message History

Aim: Sigmund, wielding a +0 scythe and wearing a +0 robe (100% to hit)
The magic dart hits Sigmund.
Sigmund is lightly wounded.
Casting: Magic Dart (safe; 1% risk of failure)
Confirm with . or Enter, or press ? or * to list all spells.
Aiming: Magic Dart (safe; 1% risk of failure)
Press: ? - help, Shift-Dir - straight line, f/p - Sigmund
Aim: Sigmund, wielding a +0 scythe and wearing a +0 robe (lightly wounded, 100% to hit)
The magic dart hits Sigmund.
Sigmund is moderately wounded.
Casting: Magic Dart (safe; 1% risk of failure)
Confirm with . or Enter, or press ? or * to list all spells.
Aiming: Magic Dart (safe; 1% risk of failure)
Press: ? - help, Shift-Dir - straight line, f/p - Sigmund
Aim: Sigmund, wielding a +0 scythe and wearing a +0 robe (moderately wounded, 100% to hit)
The magic dart hits Sigmund.
Sigmund is moderately wounded.
Sigmund mumbles some strange words.
Sigmund flickers and vanishes!
Deactivating autopickup; reactivate with Ctrl-A.
Casting: Magic Dart (safe; 1% risk of failure)
Confirm with . or Enter, or press ? or * to list all spells.
You can't see any susceptible monsters within range! (Use Z to cast anyway.) Unknown command.
Casting: Magic Dart (safe; 1% risk of failure)
Confirm with . or Enter, or press ? or * to list all spells.
You can't see any susceptible monsters within range! (Use Z to cast anyway.) Unknown command.
A magic dart appears from out of thin air!
The magic dart hits you.
A puff of flame appears from out of thin air!
The puff of flame hits you.
A magic dart appears from out of thin air!
The magic dart hits you!
Things that are here:
a +0 club; a goblin corpse A magic dart appears from out of thin air!
The magic dart hits you!
Ouch! That really hurt!
You die...

....##.....#.# ##.....†.##
<............# #........#
>............# #........#
.............# ###..........
.............#
#.<........###
.............# #..........#
...>.<.......# #..........#
..............##.)##..#).###
............#...@...........
....#.. #..#.##.........
#.##.##.[....... #.
#.##......... .
#..#......... #
#............
###.###.##..##.###
.......{.....#
##.####...#.##


There were no monsters in sight!

Vanquished Creatures
  A ribbon worm (D:2)
  4 ball pythons
  4 bats (D:1)
  3 endoplasms
  6 goblins
  7 hobgoblins
  3 jackals (D:1)
  A quokka (D:1)
  3 frilled lizards (D:1)
  A rat (D:1)
33 creatures vanquished.

Notes
Turn   | Place    | Note
-------+----------+-------------------------------------------
     0 | D:1      | Curundu the Deep Elf Conjurer began the quest for the Orb.
     0 | D:1      | Reached XP level 1. HP: 10/10 MP: 6/6
   204 | D:1      | Reached XP level 2. HP: 15/15 MP: 6/8
   536 | D:1      | Reached XP level 3. HP: 19/19 MP: 7/10
  1026 | D:2      | Noticed Sigmund
  1055 | D:2      | Killed from afar by Sigmund

Illustrated notes

Levels and vault maps discovered:
D:1:      onia_arrival_mini_spirals, layout_loops_ring
D:2:      layout_rooms, shapermc_ecumenical_altar_petra, uniq_jessica,
          uniq_terence, uniq_sigmund

Skill      XL: |  1  2 |
---------------+-------+-----
Stealth        | 3 |  3.2
Dodging        | 3 |  3.1
Spellcasting   | |  3.6
Conjurations   | |  4.7

Action                     || total
---------------------------++-------
   Cast: Magic Dart        ||    63
 Armour: Robe              ||     4
  Dodge: Dodged            ||     2

Table legend: (Time is in decaauts)
 A = Elapsed time spent in this place.
 B = Non-inter-level travel time spent in this place.
 C = Inter-level travel time spent in this place.
 D = Time resting spent in this place.
 E = Time spent auto-exploring this place.
 F = Levels seen in this place.
 G = Mean time per level.
                   A        B        C        D        E       F      G
               +--------+--------+--------+--------+--------+-----+--------+
         Total |   1054 |   1054 |      0 |      0 |    857 |   2 |  527.0 |
       Dungeon |   1054 |   1054 |      0 |      0 |    857 |   2 |  527.0 |
               +--------+--------+--------+--------+--------+-----+--------+

Top non-repeatable levels by time:
     D:1: 902 daAuts
     D:2: 151 daAuts
